 Dungeon Crawl Stone Soup version 0.13.1-17-g0f9d4ff (webtiles) character file.

358 Lilouch the Skirmisher (level 5, -1/42 HPs)
             Began as a Mummy Fighter on Dec 13, 2013.
             Killed by divine providence
             ... invoked by an orc priest
              (12 damage)
             ... on Level 3 of the Dungeon.
             The game lasted 00:07:24 (2533 turns).

Lilouch the Skirmisher (Mummy Fighter)              Turns: 2533, Time: 00:07:24

HP  -1/42        AC  9     Str 20      XL: 5   Next: 16%
MP   4/4         EV  3     Int  7      God:
Gold 200         SH 27     Dex 11      Spells:  0 memorised,  4 levels left

Res.Fire  : x . .   See Invis. : .   a - +0 trident
Res.Cold  : + . .   Warding    : .   p - +0 chain mail
Life Prot.: + + +   Conserve   : .   g - +0 elf large shield
Res.Poison: +       Res.Corr.  : .   (no helmet)
Res.Elec. : .       Clarity    : +   (no cloak)
Sust.Abil.: . .     Spirit.Shd : .   (no gloves)
Res.Mut.  : .       Stasis     : .   (no boots)
Res.Rott. : +       Flight     : .   l - amulet of clarity {unknown}
Saprovore : . . .                    (no ring)
                                     s - ring of protection from magic {unknown}

@: quite resistant to hostile enchantments, extremely unstealthy
A: no food or potions, fire vulnerability, restore body, cold resistance 1, life
protection 3, poison resistance, torment resistance, unbreathing
a: no special abilities


You were on level 3 of the Dungeon.
You were not hungry.

You visited 1 branch of the dungeon, and saw 3 of its levels.

You collected 180 gold pieces.

Inventory:

Hand weapons
 a - a +0,+0 trident (weapon)
 k - a +0,+0 spear (quivered)
Missiles
 m - 9 poisoned needles
 q - 27 bolts
 t - 2 throwing nets
 u - 4 darts of frost
Armour
 c - a +0 shield
 g - a +0 elven large shield (worn)
 p - a +0 chain mail (worn)
Magical devices
 o - a wand of teleportation (3)
 v - a wand of digging (13)
Scrolls
 b - a scroll of remove curse {unknown}
 d - 3 scrolls of identify {unknown}
 e - a scroll of blinking {unknown}
 f - a scroll of enchant weapon II {unknown}
 h - a scroll of noise {unknown}
 i - a scroll of curse armour {unknown}
 j - a scroll of fog {unknown}
 n - a scroll of teleportation {unknown}
 r - 2 scrolls of fear {unknown}
Jewellery
 l - an amulet of clarity (around neck) {unknown}
 s - a ring of protection from magic (left hand) {unknown}


   Skills:
 + Level 4.0 Fighting
 - Level 1.5 Polearms
 + Level 3.4 Armour
 + Level 3.5 Shields


You had 4 spell levels left.
You didn't know any spells.

Dungeon Overview and Level Annotations

Branches:
Dungeon (3/27)

Altars:

Annotations:
D:3 teukkam's ghost, average SpEn


Innate Abilities, Weirdness & Mutations

You do not eat or drink.
Your flesh is vulnerable to fire.
Your flesh is cold resistant.
You are immune to negative energy.
Your system is resistant to poisons.
You are immune to unholy pain and torment.
You can survive without breathing.


Message History

You block the orc's attack.
You barely miss the orc.
The orc priest hits you but does no damage.
You block the orc's attack.
The orc priest hits you but does no damage.
You hit the orc.
The orc is heavily wounded.
You block the orc's attack. You block the orc priest's attack.
You puncture the orc!
You kill the orc!
You block the orc priest's attack.
You closely miss the orc priest.
The orc priest is moderately wounded.
The orc priest hits you but does no damage.
You block the orc priest's attack.
You barely miss the orc priest.
The orc priest is moderately wounded.
The orc priest mumbles some strange prayers to Beogh against you.
Something smites you!
You die...

#.......#####........
#....#### #........
#....# #........
#....# #........
#....# #........
##.### #..######
#..## ###.##### ##..#
#.......# ##@#
#.......# #...)o..#
#.....<.# #.......#
#......(###
#.......+.#.....))#..
#.......#.........%.#
#.......###.......###
#.......# #.......#
#.......# #.......#
.## #########


You could see an orc priest.

Vanquished Creatures
  6 adders
  A gnoll (D:1)
  A giant mite (D:3)
  2 worms
  2 oozes (D:1)
  2 orcs (D:3)
  4 bats
  2 giant cockroaches
  8 hobgoblins
  4 jackals (D:2)
  A quokka (D:2)
  A ball python (D:1)
  5 giant geckos
  5 giant newts
  8 goblins
  11 kobolds
  11 rats
74 creatures vanquished.

Notes
Turn   | Place    | Note
--------------------------------------------------------------
     0 | D:1      | Lilouch, the Mummy Fighter, began the quest for the Orb.
     0 | D:1      | Reached XP level 1. HP: 18/18 MP: 0/0
   167 | D:1      | Reached XP level 2. HP: 20/24 MP: 1/1
   569 | D:1      | Reached XP level 3. HP: 30/30 MP: 2/2
  1392 | D:2      | Reached XP level 4. HP: 26/36 MP: 3/3
  1880 | D:3      | Noticed teukkam's ghost (average SpEn)
  2353 | D:3      | Reached XP level 5. HP: 36/42 MP: 4/4
  2497 | D:3      | Reached skill level 4 in Fighting
  2533 | D:3      | Killed from afar by an orc priest

Action                   |  1- 3 |  4- 6 || total
-------------------------+-------+-------++-------
Melee: Trident           |   146 |   188 ||   334
Evoke: Wand              |     1 |     2 ||     3
